 Dungeon Sprint DCSS version 0.26-a0-660-gc07710193c (webtiles) character file.

Game seed: 7474137880017890183

48437 rocky1 the Hoplite (level 14, -30/141 HPs)
             Began as a Minotaur Fighter on Oct 8, 2020.
             Was the Champion of Cheibriados.
             Killed from afar by a fire giant (47 damage)
             ... with a bolt of fire
             ... in the Dungeon (Sprint IX: "|||||||||||||||||||||||||||||").
             The game lasted 00:24:38 (3336 turns).

rocky1 the Hoplite (Minotaur Fighter)               Turns: 3336, Time: 00:24:38

Health: -30/141    AC: 10    Str: 40    XL:     14   Next: 12%
Magic:  3/22       EV: 31    Int: 23    God:    Cheibriados [******]
Gold:   659        SH: 20    Dex: 29    Spells: 13/13 levels left

rFire    . . .     SeeInvis .   n - +6 scimitar (flame)
rCold    . . .     Faith    .   c - +0 kite shield
rNeg     . . .     Spirit   .   b - +0 troll leather armour
rPois    .         Reflect  .   (helmet restricted)
rElec    .         Harm     .   w - +0 cloak
rCorr    .         Rampage  .   i - +0 pair of gloves
MR       +....     NoTele   +   (no boots)
Stlth    ++........             (no amulet)
HPRegen  0.73/turn              r - +3 ring of intelligence
MPRegen  0.18/turn              s - +3 ring of dexterity

@: very slow
A: retaliatory headbutt, horns 2
a: Bend Time, Temporal Distortion, Slouch, Step From Time, Renounce Religion


You were in the Dungeon.
You worshipped Cheibriados.
Cheibriados was exalted by your worship.
You visited 1 branch You collected 1951 gold pieces.
You spent 1292 gold pieces at shops.

Inventory:

Hand Weapons
 n - a +6 scimitar of flaming (weapon)
 o - a +1 broad axe of freezing
 C - a +3 broad axe
 D - a +3 broad axe
Missiles
 a - 7 curare-tipped darts (quivered)
Armour
 b - a +0 troll leather armour (worn)
 c - a +0 kite shield (worn)
 i - a +0 pair of gloves (worn)
 q - a +1 chain mail
 w - a +0 cloak (worn)
Jewellery
 p - an uncursed ring of protection from cold
 r - a +3 ring of intelligence (left hand)
 s - a +3 ring of dexterity (right hand)
 y - an uncursed ring of protection from fire
 z - an uncursed ring of protection from fire
 A - an uncursed ring of protection from fire
 B - an uncursed ring of poison resistance
Wands
 m - a wand of iceblast (10)
Scrolls
 j - 4 scrolls of blinking
 k - 3 scrolls of remove curse
 l - 2 scrolls of amnesia
 t - a scroll of identify
 u - 7 scrolls of enchant weapon
 v - 3 scrolls of fear
 x - 2 scrolls of brand weapon
 E - a scroll of fog
Potions
 d - a potion of might
 e - 9 potions of curing
 f - 7 potions of heal wounds
 g - a potion of resistance
 h - 4 potions of magic


   Skills:
 + Level 17.8 Fighting
 - Level 16.3 Long Blades
 + Level 17.9 Armour
 + Level 16.3 Dodging
 + Level 21.1 Shields
 + Level 12.8 Invocations
 + Level 12.1 Evocations


You had 13 spell levels left.
You didn't know any spells.
Your spell library was empty.

Dungeon Overview and Level Annotations

Branches:
Dungeon (1/1)

Altars:
Cheibriados
Dithmenos
Elyvilon
Fedhas
Gozag
Hepliaklqana
Kikubaaqudgha
Makhleb
Nemelex Xobeh
Okawaru
Qazlal
Ru
Sif Muna
Trog
Uskayaw
Vehumet
Wu Jian
Xom
Yredelemnul
Zin
The Shining One
Beogh
Jiyva
Lugonu

Shops:
D ??**


Innate Abilities, Weirdness & Mutations

You reflexively headbutt those who attack you in melee.
You have a pair of horns on your head.


Message History

You block the stone giant's attack.
The spriggan berserker utters an invocation to Trog.
The death yak goes berserk!
You block the stone giant's attack.
A centaur warrior comes into view.
The centaur warrior shouts!
You slice the stone giant!! You burn the stone giant.
You kill the stone giant!
Cheibriados appreciates the change of pace.
You hear a shout!
The death yak rages.
The spriggan berserker utters an invocation to Trog.
The death yak rages.
The fire giant casts a spell at you.
The fireball explodes!
The fireball engulfs you!!
* * * LOW HITPOINT WARNING * * *
The fireball engulfs the fire giant!
The fire giant resists.
A tengu warrior comes into view. It is wielding a +2 great sword.
The fire giant points at you and mumbles some strange words.
The bolt of fire hits you!!!
You die...

....'.....))).)).).[[[[[[[[..!...
▓▓▓▓▓▓▓▓▓▓▓▓▓▓▓▓▓▓▓▓▓▓▓▓▓▓▓▓▓▓▓▓▓
.................................
▓▓▓▓▓▓▓▓▓▓▓▓▓▓▓▓▓▓▓▓▓▓▓▓▓▓▓▓▓▓▓▓▓
..........'.†.††....')(((()...†††
▓▓▓▓▓▓▓▓▓▓▓▓▓▓▓▓▓▓▓▓▓▓▓▓▓▓▓▓▓▓▓▓▓
.................................
▓▓▓▓▓▓▓▓▓▓▓▓▓▓▓▓▓▓▓▓▓▓▓▓▓▓▓▓▓▓▓▓▓
......(..(..')..@C{iYc.Q,,,,,,,+,
▓▓▓▓▓▓▓▓▓▓▓▓▓▓▓▓▓▓▓▓▓▓▓▓*********
,,,,,,,,,,,,,,,,,,,,,,,,,,,,,,,,,
*********************************
,,,,,,,+,,,,,,,,,,,,,,,,,,,,,,,,,
*********************************
,,,,,,,,,,,,,,,,,,,,,,,,,,,,,,,,,
*********************************
,,+,,,,,,,,,,,,,+,,,,,,,,,,,,,+,,


You could see a fire giant, a death yak (summoned, berserk), a tengu warrior, a
centaur warrior and a spriggan berserker (regenerating, resisting magic).

Vanquished Creatures
  2 tentacled monstrosities (D)
  Rupert (D)
  A fire giant (D)
  2 stone giants (D)
  An entropy weaver (D)
  Azrael (D)
  A fire dragon (D)
  4 hydras (D)
  A great orb of eyes (D)
  A shambling mangrove (D)
  A two-headed ogre (D)
  A centaur warrior (D)
  4 ogre magi (D)
  A catoblepas (D)
  Erica (D)
  An alligator snapping turtle (D)
  A deep troll earth mage (D)
  A vampire mage (D)
  A death yak (D)
  A spriggan berserker (D)
  A naga sharpshooter (D)
  A shock serpent (D)
  A spriggan (D)
  Sonja (D)
  An iron troll (D)
  A swamp dragon (D)
  A sea snake (D)
  4 deep trolls (D)
  2 lindwurms (D)
  4 orc knights (D)
  A naga ritualist (D)
  A wolf spider (D)
  A cyclops (D)
  2 manticores (D)
  A merfolk siren (D)
  An ugly thing (D)
  A water nymph (D)
  4 black mambas (D)
  2 naga magi (D)
  Psyche (D)
  A cane toad (D)
  A torpor snail (D)
  A rime drake (D)
  2 yaktaurs (D)
  2 demonic crawlers (D)
  A komodo dragon (D)
  3 jumping spiders (D)
  A merfolk (D)
  A polar bear (D)
  8 trolls (D)
  A tyrant leech (D)
  A tengu conjurer (D)
  2 hornets (D)
  A bog body (D)
  A blink frog (D)
  A wind drake (D)
  A snapping turtle (D)
  A shadow (D)
  A yak (D)
  2 tarantellas (D)
  2 wraiths (D)
  4 fire elementals (D)
  A basilisk (D)
  A vampire mosquito (D)
  A naga (D)
  2 hell hounds (D)
  2 water moccasins (D)
  11 orc warriors (D)
  An ice beast (D)
  A wolf (D)
  2 ogres (D)
  6 bullfrogs (D)
  2 orc wizards (D)
  3 worker ants (D)
  An adder (D)
  2 adder zombies (D)
  5 worms (D)
  9 orcs (D)
  2 bats (D)
  A hobgoblin (D)
  A jackal (D)
  A quokka (D)
  A frilled lizard (D)
  A giant cockroach zombie (D)
  A quokka skeleton (D)
157 creatures vanquished.

Vanquished Creatures (others)
  A phantom (D)
1 creature vanquished.

Grand Total: 158 creatures vanquished

Notes
Turn   | Place    | Note
-------+----------+-------------------------------------------
     0 | D        | rocky1 the Minotaur Fighter began the quest for the Orb.
     0 | D        | Reached XP level 1. HP: 19/19 MP: 0/0
     6 | D        | Reached skill level 4 in Shields
    20 | D        | Noticed a worker ant
    27 | D        | Killed a worker ant
    27 | D        | Reached skill level 5 in Long Blades
    27 | D        | Reached skill level 6 in Shields
    27 | D        | Reached XP level 2. HP: 17/26 MP: 1/1
    27 | D        | Reached XP level 3. HP: 20/31 MP: 2/2
    44 | D        | Found a roughly hewn altar of Beogh.
    44 | D        | Found a snail-covered altar of Cheibriados.
    44 | D        | Found a shadowy altar of Dithmenos.
    44 | D        | Found a white marble altar of Elyvilon.
    44 | D        | Found a blossoming altar of Fedhas.
    44 | D        | Found an opulent altar of Gozag.
    45 | D        | Found a hazy altar of Hepliaklqana.
    46 | D        | Found a viscous altar of Jiyva.
    47 | D        | Found an ancient bone altar of Kikubaaqudgha.
    48 | D        | Became a worshipper of Cheibriados the Contemplative
    49 | D        | Found a corrupted altar of Lugonu.
    50 | D        | Found a burning altar of Makhleb.
    51 | D        | Found a sparkling altar of Nemelex Xobeh.
    52 | D        | Found an iron altar of Okawaru.
    53 | D        | Found a stormy altar of Qazlal.
    54 | D        | Found a sacrificial altar of Ru.
    55 | D        | Found a shimmering blue altar of Sif Muna.
    56 | D        | Found a bloodstained altar of Trog.
    57 | D        | Found a hide-covered altar of Uskayaw.
    58 | D        | Found a radiant altar of Vehumet.
    59 | D        | Found an ornate altar of the Wu Jian Council.
    60 | D        | Found a shimmering altar of Xom.
    61 | D        | Found a basalt altar of Yredelemnul.
    62 | D        | Found a glowing silver altar of Zin.
    63 | D        | Found a glowing golden altar of the Shining One.
   109 | D        | Noticed a wraith
   109 | D        | Noticed an ogre
   109 | D        | Noticed an ice beast
   115 | D        | Reached skill level 7 in Shields
   117 | D        | Reached * piety under Cheibriados
   117 | D        | Reached skill level 8 in Shields
   117 | D        | Reached XP level 4. HP: 25/39 MP: 3/3
   122 | D        | Killed a wraith
   122 | D        | Reached skill level 10 in Long Blades
   122 | D        | Reached skill level 10 in Shields
   122 | D        | Reached XP level 5. HP: 17/45 MP: 4/4
   124 | D        | Killed an ogre
   124 | D        | Reached skill level 11 in Shields
   124 | D        | Reached XP level 6. HP: 19/51 MP: 5/5
   126 | D        | Killed an ice beast
   126 | D        | Reached ** piety under Cheibriados
   136 | D        | Noticed a cyclops
   136 | D        | Noticed a troll
   137 | D        | Reached skill level 12 in Shields
   143 | D        | Killed a cyclops
   143 | D        | Reached skill level 13 in Shields
   143 | D        | Reached XP level 7. HP: 28/57 MP: 7/10
   146 | D        | Killed a troll
   146 | D        | Reached *** piety under Cheibriados
   146 | D        | Reached XP level 8. HP: 18/64 MP: 7/12
   150 | D        | Reached **** piety under Cheibriados
   588 | D        | Noticed a komodo dragon
   588 | D        | Noticed a four-headed hydra
   588 | D        | Noticed a cane toad
   590 | D        | Reached skill level 1 in Dodging
   593 | D        | Noticed a rime drake
   593 | D        | Killed a komodo dragon
   593 | D        | Reached ***** piety under Cheibriados
   593 | D        | Reached skill level 14 in Shields
   594 | D        | Noticed a black mamba
   598 | D        | Killed a one-headed hydra
   598 | D        | Reached XP level 9. HP: 43/75 MP: 12/14
   600 | D        | Noticed a polar bear
   607 | D        | Killed a cane toad
   607 | D        | Reached skill level 5 in Dodging
   611 | D        | Killed a rime drake
   611 | D        | Reached ****** piety under Cheibriados
   613 | D        | Killed a black mamba
   613 | D        | Reached skill level 15 in Shields
   620 | D        | Killed a polar bear
   890 | D        | Noticed a catoblepas
   891 | D        | Reached skill level 15 in Long Blades
   892 | D        | Noticed a torpor snail
   900 | D        | Noticed a four-headed hydra
   900 | D        | Noticed a death yak
   906 | D        | Reached XP level 10. HP: 84/88 MP: 16/16
   926 | D        | Killed a catoblepas
   926 | D        | Reached skill level 10 in Invocations
   937 | D        | Killed a torpor snail
   940 | D        | Killed a one-headed hydra
   957 | D        | Killed a death yak
  1344 | D        | Noticed a lindwurm
  1344 | D        | Noticed a lindwurm
  1350 | D        | Killed a lindwurm
  1350 | D        | Reached skill level 10 in Fighting
  1350 | D        | Reached skill level 10 in Armour
  1350 | D        | Reached skill level 16 in Shields
  1356 | D        | Killed a lindwurm
  1571 | D        | Noticed Psyche
  1575 | D        | Killed Psyche
  1619 | D        | Noticed Sonja
  1627 | D        | Killed Sonja
  1627 | D        | Reached XP level 11. HP: 67/101 MP: 18/18
  1889 | D        | Noticed an orc knight
  1891 | D        | Noticed an orc knight
  1897 | D        | Killed an orc knight
  1897 | D        | Reached skill level 1 in Evocations
  1902 | D        | Noticed an orc knight
  1907 | D        | Killed an orc knight
  1911 | D        | Noticed an orc knight
  1912 | D        | Reached skill level 10 in Dodging
  1921 | D        | Killed an orc knight
  1927 | D        | Killed an orc knight
  1929 | D        | Reached skill level 17 in Shields
  2100 | D        | Found Muiquxev's Magic Scroll Emporium.
  2100 | D        | Noticed an iron troll
  2100 | D        | Noticed a deep troll
  2107 | D        | Noticed an ogre mage
  2108 | D        | Noticed an ogre mage
  2109 | D        | Killed a deep troll
  2110 | D        | Noticed a deep troll
  2113 | D        | Killed an iron troll
  2116 | D        | Killed an ogre mage
  2116 | D        | Reached skill level 5 in Evocations
  2117 | D        | Killed a deep troll
  2118 | D        | Found Voarch's Magic Scroll Shoppe.
  2120 | D        | Killed an ogre mage
  2123 | D        | Found Adiazu's Assorted Antiques.
  2127 | D        | Found Yqatoc's General Store.
  2130 | D        | Noticed a deep troll
  2132 | D        | Noticed a deep troll
  2134 | D        | Killed a deep troll
  2137 | D        | Reached XP level 12. HP: 105/115 MP: 9/19
  2147 | D        | Reached skill level 18 in Shields
  2278 | D        | Bought a scroll of enchant weapon for 97 gold pieces
  2278 | D        | Bought 2 potions of curing for 78 gold pieces
  2283 | D        | Bought an uncursed ring of protection from cold for 325
                  | gold pieces
  2288 | D        | Bought a scroll of enchant weapon for 90 gold pieces
  2288 | D        | Bought 2 scrolls of brand weapon for 480 gold pieces
  2290 | D        | Bought a scroll of magic mapping for 42 gold pieces
  2290 | D        | Bought a scroll of enchant weapon for 90 gold pieces
  2290 | D        | Bought a scroll of blinking for 90 gold pieces
  2366 | D        | Noticed Erica
  2373 | D        | Killed Erica
  2458 | D        | Noticed a two-headed ogre
  2461 | D        | Noticed a centaur warrior
  2464 | D        | Noticed an ogre mage
  2465 | D        | Killed a two-headed ogre
  2467 | D        | Noticed an ogre mage
  2474 | D        | Killed a centaur warrior
  2479 | D        | Killed an ogre mage
  2480 | D        | Noticed a great orb of eyes
  2486 | D        | Noticed a vampire mage
  2492 | D        | Killed an ogre mage
  2498 | D        | Killed a vampire mage
  2499 | D        | Killed a great orb of eyes
  2571 | D        | Noticed Rupert
  2579 | D        | Killed Rupert
  2579 | D        | Reached skill level 19 in Shields
  2581 | D        | Reached skill level 15 in Armour
  2589 | D        | Noticed Azrael
  2595 | D        | Killed Azrael
  2595 | D        | Reached skill level 15 in Fighting
  2675 | D        | Noticed an entropy weaver
  2680 | D        | Killed an entropy weaver
  2680 | D        | Reached XP level 13. HP: 127/127 MP: 9/20
  2804 | D        | Reached skill level 10 in Evocations
  3003 | D        | Reached skill level 20 in Shields
  3016 | D        | Reached skill level 15 in Dodging
  3306 | D        | Noticed a stone giant
  3306 | D        | Noticed a fire giant
  3306 | D        | Noticed a fire dragon
  3307 | D        | Noticed a tentacled monstrosity
  3312 | D        | Killed a stone giant
  3317 | D        | Noticed a tentacled monstrosity
  3319 | D        | Killed a fire giant
  3320 | D        | Noticed a stone giant
  3321 | D        | Noticed a fire giant
  3324 | D        | Killed a tentacled monstrosity
  3327 | D        | Killed a tentacled monstrosity
  3327 | D        | Reached skill level 21 in Shields
  3327 | D        | Reached XP level 14. HP: 81/141 MP: 6/22
  3335 | D        | Killed a stone giant
  3336 | D        | Killed from afar by a fire giant

Illustrated notes

Levels and vault maps discovered:
D:        linesprint [early_d, line_temple, items_1, d_10, items_2, lair_1,
          lair_end, items_3, orc_1, orc_end, items_4, d_15, swamp_1, shoals_1,
          snake_1, spider_1, d_20, vaults_1, items_5, swamp_end, shoals_end,
          snake_end, spider_end, vaults_end, d_27, items_6, zot_1, zot_end,
          crypt_end, forest_end, elf_end, slime_end, tomb_end, abyss_end,
          pan_hell_end]

Skill      XL: |  1  2  3  4  5  6  7  8  9 10 11 12 13 14 |
---------------+-------------------------------------------+-----
Long Blades    | 5 7 10 11 13 14 15 16 | 16.3
Shields        | 6 8 10 11 13 14 15 16 17 19 21 | 21.1
Invocations    | 6 8 9 11 12 | 12.8
Dodging        | 4 6 9 11 14 16 | 16.3
Fighting       | 6 8 10 13 15 17 | 17.8
Armour         | 6 8 10 13 15 17 | 17.9
Evocations     | 6 9 11 12 | 12.1

Action                   |  1- 3 |  4- 6 |  7- 9 | 10-12 | 13-15 || total
-------------------------+-------+-------+-------+-------+-------++-------
Melee: Long sword        |    26 |       |       |       |       ||    26
       Headbutt          |     7 |     4 |    23 |    86 |    38 ||   158
       Scimitar          |     7 |    14 |    45 |   218 |    75 ||   359
Invok: Slouch            |       |       |       |     8 |    15 ||    23
  Use: Potion            |     2 |     2 |       |     2 |       ||     6
       Scroll            |       |       |       |     5 |       ||     5
 Stab: Invisible         |     2 |     3 |       |       |       ||     5
       Petrified         |       |       |     1 |       |       ||     1
Armor: Scale mail        |     7 |       |       |       |       ||     7
       Chain mail        |     3 |     4 |     7 |    15 |       ||    29
       Troll leather arm |       |       |       |     3 |     4 ||     7
Dodge: Dodged            |    13 |     2 |    15 |    77 |    52 ||   159
Block: Kite shield       |    10 |     3 |    22 |   148 |    79 ||   262
       Rpst.: Long sword |     3 |       |       |       |       ||     3
       Scimitar          |       |     1 |     2 |    12 |     7 ||    22

Table legend: (Time is in decaauts)
 A = Elapsed time spent in this place.
 B = Non-inter-level travel time spent in this place.
 C = Inter-level travel time spent in this place.
 D = Time resting spent in this place.
 E = Time spent auto-exploring this place.
 F = Levels seen in this place.
 G = Mean time per level.
                   A        B        C        D        E       F      G
               +--------+--------+--------+--------+--------+-----+--------+
         Total |   4124 |   4124 |      0 |   1847 |      0 |   1 | 4124.0 |
       Dungeon |   4124 |   4124 |      0 |   1847 |      0 |   1 | 4124.0 |
               +--------+--------+--------+--------+--------+-----+--------+

Top non-repeatable levels by time:
       D: 4124 daAuts
